 Dungeon Crawl Stone Soup version 0.24-a0-487-g57318f2ed0 (webtiles) character file.

Game seed: 16273483880481121875

13654 Gargoyl the Cleaver (level 11, -8/138 HPs)
             Began as a Centaur Abyssal Knight on July 11, 2019.
             Was a High Priest of Lugonu.
             Mangled by a sphinx (11 damage)
             ... on level 10 of the Dungeon.
             The game lasted 00:22:34 (13116 turns).

Gargoyl the Cleaver (Centaur Abyssal Knight)       Turns: 13116, Time: 00:22:34

Health: -8/138     AC: 15    Str: 22    XL:     11   Next: 78%
Magic:  26/26      EV: 11    Int:  9    God:    Lugonu [*****.]
Gold:   614        SH:  4    Dex: 10    Spells: 10/10 levels left

rFire    + + +     SeeInvis .   l - +3 hand axe (venom)
rCold    . . .     Gourm    .   p - +0 buckler
rNeg     . . .     Faith    .   d - +2 ring mail "Kuessim" {rF+ MP+9 Int-2}
rPois    .         Spirit   .   t - +0 helmet
rElec    .         Reflect  .   H - +1 cloak
rCorr    .         Harm     .   h - +1 pair of gloves
MR       +....                  (no barding)
Stlth    ..........             k - amulet of the Gloaming {RegenMP rF++ rC-}
HPRegen  0.33/turn              a - ring of protection from cold
MPRegen  0.45/turn              y - ring of protection from magic

@: berserking, slowed, very quick
A: large, hooves 3, deformed body, speed 2, tough skin 3
a: Depart the Abyss, Bend Space, Banish, Corrupt, Enter the Abyss, Renounce
Religion


You were on level 10 of the Dungeon.
You worshipped Lugonu.
Lugonu was extremely pleased with you.
You were not hungry.

You visited 1 branch of the dungeon, and saw 10 of its levels.
You visited the Abyss 1 time.
You also visited: Bailey.

You collected 659 gold pieces.
You spent 45 gold pieces at shops.

Inventory:

Hand Weapons
 l - a +3 hand axe of venom (weapon)
 r - a +1 war axe of flaming
 v - a +3 war axe of chopping
Armour
 d - the +2 ring mail "Kuessim" (worn) {rF+ MP+9 Int-2}
   (You found it on level 2 of the Abyss)

   It affects your intelligence (-2).
   It protects you from fire.
   It affects your magic capacity (+9).
 h - a +1 pair of gloves (worn)
 p - a +0 buckler (worn)
 t - a +0 helmet (worn)
 H - a +1 cloak (worn)
Jewellery
 a - a ring of protection from cold (left hand)
 k - the amulet of the Gloaming (around neck) {RegenMP rF++ rC-}
   (You took it off an ogre mage on level 10 of the Dungeon)

   [amulet of magic regeneration]

   It increases your magic regeneration.
   It greatly protects you from fire.
   It makes you vulnerable to cold.
 y - a ring of protection from magic (right hand)
 A - an uncursed ring of see invisible
 B - an uncursed ring of magical power {unknown}
 J - the ring of Ilotegen {rF+ SInv, unknown}
   (You found it on level 10 of the Dungeon)

   [ring of protection from fire]

   It protects you from fire.
   It lets you see invisible.
 K - the amulet "Paahez" {Spirit rC+ Dex+4 Slay-4, unknown}
   (You found it on level 10 of the Dungeon)

   [amulet of guardian spirit]

   It causes incoming damage to be split between your health and magic.
   It affects your dexterity (+4).
   It affects your accuracy and damage with ranged weapons and melee attacks
   (-4).
   It protects you from cold.
Wands
 i - a wand of digging (2)
 m - a wand of polymorph (8)
 s - a wand of enslavement (11)
 w - a wand of random effects (4)
 z - a wand of acid (19)
 C - a wand of disintegration (3)
 D - a wand of iceblast (14)
Scrolls
 e - 5 scrolls of identify
 f - 2 scrolls of fear
 g - 7 scrolls of teleportation
 o - 5 scrolls of remove curse
 u - 2 scrolls of fog
 G - 4 scrolls of blinking
Potions
 b - a potion of resistance
 j - 2 potions of curing
 n - a potion of magic
 q - a potion of lignification
 x - a potion of berserk rage
 E - a potion of haste {unknown}
 F - a potion of brilliance {unknown}
Comestibles
 c - 18 rations


   Skills:
 + Level 7.0 Fighting
 + Level 9.2 Axes
 * Level 7.7 Armour
 * Level 5.8 Dodging
 + Level 2.5 Shields
 * Level 8.9 Invocations
 + Level 0.8 Evocations


You had 10 spell levels left.
You didn't know any spells.
Your spell library contained the following spells:

 Spells                   Type           Power        Failure   Level  Hunger
 Beastly Appendage        Tmut           #.....       52%         1    ##.....
 Sandblast                Erth           #.....       52%         1    ##.....
 Summon Small Mammal      Summ           #...         52%         1    ##.....
 Call Imp                 Summ           #.......     67%         2    ###....
 Passwall                 Tmut/Erth      #.......     67%         2    ###....
 Sticks to Snakes         Tmut           #.......     67%         2    ###....
 Call Canine Familiar     Summ           #.......     88%         3    ####...
 Spider Form              Tmut/Pois      #.........   88%         3    ####...
 Stone Arrow              Conj/Erth      #.....       88%         3    ####...
 Summon Guardian Golem    Hex/Summ       #.......     88%         3    ####...
 Ice Form                 Ice/Tmut       #.......     99%         4    #####..
 Petrify                  Tmut/Erth      #.......     99%         4    #####..
 Summon Ice Beast         Ice/Summ       #.......     99%         4    #####..
 Summon Lightning Spire   Summ/Air       #.......     99%         4    #####..
 Blade Hands              Tmut           #.........   100%        5    ######.
 Lee's Rapid Deconstruct  Erth           #.........   100%        5    ######.


Dungeon Overview and Level Annotations

Branches:
Dungeon (10/15)            Temple (0/1) D:4
   Lair: D:8-11         Orc: D:9-12

Altars:
Cheibriados
Dithmenos
Fedhas
Gozag
Kikubaaqudgha
Okawaru
Qazlal
Ru
Vehumet

Shops:
D:5 (   D:6 *}

Annotations:
D:5 2 transporters, Mrkan's ghost, amateur HOAK
D:9 1 runed translucent door


Innate Abilities, Weirdness & Mutations

You have hooves in place of feet.
Armour fits poorly on your strangely shaped body.
You cover ground very quickly.
You have extremely tough skin. (AC +3)


Message History

You feel less confused. The sphinx hits you.
* * * LOW HITPOINT WARNING * * *
The sphinx misses you. The sphinx hits you but does no damage.
A red film seems to cover your vision as you go berserk!
You feel yourself moving faster!
You feel mighty! The sphinx hits you!
* * * LOW HITPOINT WARNING * * *
The sphinx closely misses you. x2; The sphinx hits you.
* * * LOW HITPOINT WARNING * * *
The sphinx closely misses you. The sphinx hits you but does no damage.
You hit the sphinx.
The sphinx looks as sick as possible!
You kick the sphinx!
The sphinx is severely wounded.
The sphinx completely misses you. The sphinx hits you.
* * * LOW HITPOINT WARNING * * *
The sphinx hits you!
* * * LOW HITPOINT WARNING * * *
You slash the sphinx!
The sphinx is almost dead.
The sphinx hits you!
You die...

#.......................(.....#
#..####.#'########....######..#
#..# ##.#..#..#..#.#..# #..# #..#
#..#..#.$'..#.#..# #..#
#..###..##'#'##'##.#..######..#
#.......#..# #..#............#
###.......#..# #..#............#
.....###..##'####H##..########..#
.....# #..#(.'..@.)#..# #..#
###..# ##.#..#..#..#..# #..# #..#
#.##########.## #..#
#..####............#########.†#
###...<.......................†.#
................................#
.....#########.>########..####..#
###..# #..# #..# #†.# #..# #..#
#..# #..#


You could see a sphinx.

Vanquished Creatures
  An ogre mage (D:10)
  Harold (D:7)
  A catoblepas (D:10)
  2 centaur warriors
  A fire crab (shapeshifter) (D:8)
  A flayed ghost (D:10)
  A deep elf mage (Bailey)
  Maurice (D:10)
  Psyche (D:9)
  A troll (D:9)
  Grinder (D:4)
  A hippogriff (D:8)
  Sigmund (D:4)
  A redback (shapeshifter) (D:10)
  7 yaks
  A wraith (D:9)
  A wyvern (D:10)
  A hungry ghost (D:8)
  Duvessa (D:7)
  2 water moccasins
  4 sky beasts
  A necrophage (D:8)
  3 orc warriors
  A black bear (D:10)
  An ice beast (D:8)
  4 phantoms
  4 centaurs
  10 ogres
  3 bullfrogs
  Dowan (D:7)
  6 scorpions
  8 killer bees
  8 wights
  A howler monkey (D:6)
  5 crimson imps
  A centaur zombie (D:8)
  A bullfrog zombie (D:9)
  6 jellies
  2 hounds
  4 orc priests
  A bullfrog skeleton (D:10)
  2 centaur skeletons
  7 orc wizards
  An iguana (D:6)
  11 worker ants
  A killer bee zombie (D:10)
  2 hound skeletons
  A gnoll (D:1)
  11 adders
  5 oozes (D:9)
  4 adder zombies
  An adder skeleton (D:4)
  3 dart slugs (D:2)
  A worm (D:2)
  4 leopard geckos
  21 orcs
  8 giant cockroaches
  13 goblins
  4 hobgoblins
  13 jackals
  5 kobolds
  2 quokkas
  6 bats
  8 frilled lizards
  A leopard gecko skeleton (D:2)
  A leopard gecko zombie (D:5)
  2 quokka skeletons (D:9)
  8 rats
249 creatures vanquished.

Vanquished Creatures (others)
  A fire dragon (D:10)
  The ghost of Mithandil the Conjurer, an amateur DECj (D:4)
2 creatures vanquished.

Grand Total: 251 creatures vanquished

Notes
Turn   | Place    | Note
-------+----------+-------------------------------------------
     0 | Abyss:1  | Gargoyl the Centaur Abyssal Knight began the quest for the
                  | Orb.
     0 | Abyss:1  | Reached XP level 1. HP: 19/19 MP: 2/2
    39 | Abyss:1  | Noticed a ynoxinul
    61 | Abyss:1  | Noticed a large abomination
    88 | Abyss:2  | Got a tiger eye-encrusted ring mail
    99 | Abyss:2  | Identified the +2 ring mail "Kuessim" {rF+ MP+9 Int-2} (You
                  | found it on level 2 of the Abyss)
   100 | Abyss:2  | Noticed an ancient zyme
   126 | Abyss:2  | Noticed a black draconian
   127 | Abyss:2  | Noticed a quasit
   128 | D:1      | Escaped the Abyss
   269 | D:1      | Reached * piety under Lugonu
   377 | D:1      | Reached XP level 2. HP: 26/26 MP: 3/3
   729 | D:1      | Reached skill level 2 in Axes
   784 | D:1      | Reached skill level 1 in Dodging
   785 | D:1      | Reached XP level 3. HP: 31/31 MP: 4/4
  1094 | D:2      | Found an opulent altar of Gozag.
  1095 | D:2      | Found a stormy altar of Qazlal.
  1222 | D:2      | Reached ** piety under Lugonu
  1271 | D:2      | Reached XP level 4. HP: 28/39 MP: 6/6
  2132 | D:3      | Found a sacrificial altar of Ru.
  2262 | D:3      | Reached skill level 3 in Axes
  2262 | D:3      | Reached XP level 5. HP: 46/46 MP: 7/7
  2270 | D:3      | Found an ancient bone altar of Kikubaaqudgha.
  2271 | D:3      | Found a radiant altar of Vehumet.
  2274 | D:3      | Found an iron altar of Okawaru.
  2276 | D:3      | Found a snail-covered altar of Cheibriados.
  2278 | D:3      | Found a blossoming altar of Fedhas.
  2670 | D:4      | Noticed an ogre
  2670 | D:4      | Noticed a phantom
  2673 | D:4      | Noticed a phantom
  2686 | D:3      | Killed an ogre
  2754 | D:3      | Killed a phantom
  2754 | D:3      | Reached XP level 6. HP: 29/52 MP: 8/8
  2947 | D:3      | Reached skill level 4 in Axes
  3178 | D:4      | Reached XP level 7. HP: 45/59 MP: 9/9
  3396 | D:4      | Reached *** piety under Lugonu
  3444 | D:4      | Noticed Grinder
  3449 | D:4      | Paralysed by Grinder for 5 turns
  3455 | D:4      | Found a staircase to the Ecumenical Temple.
  3468 | D:4      | Killed Grinder
  3632 | D:4      | Found a runed translucent door.
  3633 | D:4      | Noticed Mithandil's ghost (amateur DECj)
  3767 | D:4      | Noticed Sigmund
  3777 | D:4      | Killed Sigmund
  3857 | D:4      | Found a shadowy altar of Dithmenos.
  3887 | D:4      | Banished Mithandil's ghost
  3887 | D:4      | Reached XP level 8. HP: 65/66 MP: 11/11
  3921 | D:5      | Entered Level 5 of the Dungeon
  4159 | D:5      | Reached skill level 5 in Axes
  4209 | D:5      | Noticed Mrkan's ghost (amateur HOAK)
  4220 | D:5      | Found a transporter.
  4224 | D:5      | Found a transporter.
  4237 | D:5      | Noticed a hornet
  4562 | D:5      | Found Ixzyny's Antique Weapon Emporium.
  4749 | D:6      | Found Wadynum's Gadget Shop.
  4827 | D:6      | Reached skill level 5 in Invocations
  5305 | D:6      | Found Such's General Store.
  5313 | D:6      | Bought a scroll of teleportation for 45 gold pieces
  5437 | D:6      | Reached skill level 5 in Armour
  5584 | D:6      | Found a blossoming altar of Fedhas.
  5736 | D:6      | Reached XP level 9. HP: 62/72 MP: 13/13
  5947 | D:7      | Noticed Duvessa
  5947 | D:7      | Noticed Dowan
  5966 | D:7      | Killed Duvessa
  5974 | D:7      | Killed Dowan
  6066 | D:7      | Found a stormy altar of Qazlal.
  6099 | D:7      | Noticed Harold
  6125 | D:7      | Killed Harold
  6125 | D:7      | Reached skill level 6 in Axes
  6325 | D:7      | Reached skill level 5 in Fighting
  6491 | D:7      | Reached skill level 1 in Shields
  6860 | D:8      | Reached **** piety under Lugonu
  7110 | D:8      | Noticed a centaur warrior
  7124 | D:8      | Killed a centaur warrior
  7124 | D:8      | Reached XP level 10. HP: 17/81 MP: 15/15
  7615 | D:8      | Reached skill level 7 in Axes
  7883 | D:8      | Noticed a fire crab
  7883 | D:8      | an eye of draining changed into a fire crab
  7913 | D:8      | Killed a fire crab
  9052 | D:9      | Found a runed translucent door.
  9052 | D:9      | Noticed a sixfirhy
  9198 | D:9      | HP: 3/83 [yak (10)]
  9243 | D:9      | Reached skill level 5 in Dodging
  9590 | D:9      | Reached ***** piety under Lugonu
  9601 | D:9      | Found a flagged portal.
  9608 | Bailey   | Entered a bailey
  9638 | Bailey   | Noticed a deep elf mage
  9649 | Bailey   | Killed a deep elf mage
  9649 | Bailey   | Reached skill level 8 in Axes
  9662 | Bailey   | Noticed a deep elf mage
  9663 | Bailey   | Noticed a deep elf mage
  9663 | Bailey   | Noticed a deep elf mage
  9821 | D:9      | Noticed Psyche
  9830 | D:9      | Killed Psyche
 10092 | D:9      | Reached XP level 11. HP: 87/89 MP: 16/16
 10434 | D:10     | Entered Level 10 of the Dungeon
 11559 | D:10     | Noticed Maurice
 11587 | D:10     | Killed Maurice
 11668 | D:10     | Identified the amulet of the Gloaming {RegenMP rF++ rC-}
 11668 | D:10     | Noticed an ogre mage
 11682 | D:10     | Killed an ogre mage
 11826 | D:10     | Got a sparkling copper ring
 11827 | D:10     | Identified the cursed ring "Nipiwyd" {*Corrode rC+ MR+
                  | Str-3 Dex+3} (You found it on level 10 of the Dungeon)
 11844 | D:10     | Got a flickering bone ring
 11853 | D:10     | Got a glittering zirconium amulet
 12132 | D:10     | Found a runed translucent door.
 12137 | D:10     | Noticed a flayed ghost
 12153 | D:10     | Killed a flayed ghost
 12224 | D:10     | Noticed a centaur warrior
 12240 | D:10     | Killed a centaur warrior
 12240 | D:10     | Reached skill level 9 in Axes
 12410 | D:10     | Noticed a catoblepas
 12429 | D:10     | Killed a catoblepas
 12736 | D:10     | Noticed a fire dragon
 12736 | D:10     | Noticed a sphinx
 12982 | D:10     | Banished a fire dragon
 13115 | D:10     | HP: 3/138 [sphinx (8)]
 13116 | D:10     | Mangled by a sphinx

Levels and vault maps discovered:
D:1:      roderic_chinese_lattice_arrival, layout_basic, minmay_crystal_water
D:2:      layout_loops_ring, chequers_temple_overflow_statue_of_worship,
          first_ration
D:3:      layout_basic, grunt_temple_overflow_open, kennysheep_generic_room_6
D:4:      layout_rooms, nicolae_overflow_hidden_temple,
          minmay_temple_entry_wispy, gammafunk_ghost_grave, uniq_sigmund,
          uniq_grinder
D:5:      layout_cave_pools, serial_shops, shop_fountains, gammafunk_ghost_hive,
          minmay_misc_feat_diagonals
D:6:      layout_basic, serial_shops, shop, shop, fedhas_altar_1
D:7:      layout_basic, basic_altar, uniq_duvessa, uniq_harold
D:8:      wad_statue_garden, layout_loops_ring
D:9:      cheibrodos_shockbox, layout_basic, enter_bailey_3,
          hangedman_little_slice_of_home, uniq_psyche
D:10:     minmay_the_grid_triangle_9x9_recursive_2_mashed
          [minmay_the_grid_triangle_9x9_prize_special,
          minmay_the_grid_triangle_9x9_odd_lines,
          minmay_the_grid_triangle_9x9_sprig,
          minmay_the_grid_triangle_9x9_swiss_cheese], layout_small_grid,
          minivault_13, uniq_maurice

Skill      XL: |  1  2  3  4  5  6  7  8  9 10 11 |
---------------+----------------------------------+-----
Axes           | 2 3 4 5 6 8 9 |  9.2
Dodging        | 1 2 3 4 5 |  5.8
Armour         | 2 3 4 5 6 7 |  7.7
Invocations    | 3 4 5 6 7 8 |  8.9
Fighting       | 4 5 6 7 |  7.0
Shields        | 1 2 |  2.5
Evocations     | |  0.8

Action                   |  1- 3 |  4- 6 |  7- 9 | 10-12 || total
-------------------------+-------+-------+-------+-------++-------
Melee: Hand axe          |   107 |   117 |   327 |   532 ||  1083
       Kick              |    20 |    20 |    82 |   139 ||   261
Invok: Depart the Abyss  |     1 |       |       |       ||     1
       Banish            |       |       |     2 |     1 ||     3
Evoke: Wand              |       |       |       |    11 ||    11
  Use: Potion            |     2 |     3 |     2 |     5 ||    12
       Scroll            |     5 |     4 |     6 |     6 ||    21
  Eat: Chunk             |       |     3 |     7 |    16 ||    26
       Ration            |       |     1 |     1 |     2 ||     4
Armor: Ring mail         |    62 |    59 |   152 |   251 ||   524
       Leather armour    |    10 |       |       |       ||    10
Dodge: Dodged            |    80 |    47 |    89 |   236 ||   452
Block: Buckler           |       |       |    39 |    81 ||   120

Table legend:
 A = Non-vault XP
 B = Vault XP
 C = Vault XP percentage of total XP
 D = Non-vault monster count
 E = Vault monster count
 F = Vault count percentage of total count
                 A         B        C        D         E       F
            +---------+---------+-------+---------+---------+-------
      Total |    8073 |   11433 |  58.6 |     203 |      48 |  19.1
            +---------+---------+-------+---------+---------+-------
        D:1 |      46 |       0 |   0.0 |      23 |       0 |   0.0
        D:2 |     124 |       0 |   0.0 |      24 |       0 |   0.0
        D:3 |     519 |       1 |   0.2 |      18 |       1 |   5.3
        D:4 |     200 |     578 |  74.3 |      15 |       3 |  16.7
        D:5 |     231 |       0 |   0.0 |       6 |       0 |   0.0
        D:6 |    1151 |       0 |   0.0 |      28 |       0 |   0.0
        D:7 |     457 |    1201 |  72.4 |       9 |       3 |  25.0
        D:8 |     742 |    2855 |  79.4 |      14 |      13 |  48.1
        D:9 |    3079 |     901 |  22.6 |      45 |      14 |  23.7
       D:10 |    1524 |    5334 |  77.8 |      21 |      13 |  38.2
     Bailey |       0 |     563 | 100.0 |       0 |       1 | 100.0
            +---------+---------+-------+---------+---------+-------
